 Dungeon Crawl Stone Soup version 0.26-a0-661-g406de6ba63 (webtiles) character file.

Game seed: 1877813269949563169

487 jasper the Zephyrmancer (level 7, -3/37 HPs)
             Began as a Tengu Air Elementalist on Oct 8, 2020.
             Slain by a bullfrog (4 damage)
             ... on level 6 of the Dungeon.
             The game lasted 00:15:53 (6036 turns).

jasper the Zephyrmancer (Tengu Air Elementalist)    Turns: 6036, Time: 00:15:54

Health: -3/37      AC:  3    Str:  8    XL:     7   Next: 13%
Magic:  2/11       EV: 13    Int: 17    God:
Gold:   85         SH:  0    Dex: 15    Spells: 3/10 levels left

rFire    . . .     SeeInvis .   o - +0 war axe
rCold    . . .     Faith    .   (no shield)
rNeg     . . .     Spirit   .   a - +0 robe
rPois    .         Reflect  .   (helmet restricted)
rElec    .         Harm     .   (no cloak)
rCorr    .         Rampage  .   r - +0 pair of gloves
MR       .....                  (boots unavailable)
Stlth    ++........             (no amulet)
HPRegen  0.12/turn              (no ring)
MPRegen  0.12/turn              (no ring)

@: no status effects
A: beak, talons 3, able to fly
a: Fly


You were on level 6 of the Dungeon.
You visited 1 branch of the dungeon, and saw 6 of its levels.

You collected 85 gold pieces.

Inventory:

Hand Weapons
 b - a +0 dagger
 o - a +0 war axe (weapon)
 x - a +2 flail of protection
Missiles
 f - 9 poisoned darts (quivered)
 g - 24 bolts
 i - 117 stones
 s - 37 arrows
Armour
 a - a +0 robe (worn)
 r - a +0 pair of gloves (worn)
Jewellery
 v - an uncursed ring of protection from cold {unknown}
Wands
 n - a wand of disintegration (18)
 y - a wand of acid (11)
Scrolls
 c - 3 scrolls of remove curse {unknown}
 h - a scroll of enchant armour {unknown}
 k - a scroll of teleportation {unknown}
 m - a scroll of random uselessness {unknown}
 p - 8 scrolls of identify {unknown}
Potions
 d - 2 potions of might {unknown}
 e - 2 potions of magic {unknown}
 j - 2 potions of heal wounds {unknown}
 l - a potion of curing {unknown}
 q - 2 potions of flight {unknown}
 t - 2 potions of mutation {unknown}
 u - a potion of brilliance {unknown}
 w - a potion of haste {unknown}
 z - a potion of ambrosia {unknown}


   Skills:
 + Level 0.5 Fighting
 + Level 2.4 Dodging
 - Level 2.0 Stealth
 + Level 2.1 Spellcasting
 + Level 1.8 Conjurations
 - Level 10.0 Air Magic


You had 3 spell levels left.
You knew the following spells:

 Your Spells              Type           Power        Failure   Level
a - Shock                 Conj/Air       ###.         1%          1
b - Swiftness             Air            #####...     1%          2
c - Airstrike             Air            #####.....   3%          4

Your spell library contained the following spells:

 Spells                   Type           Power        Failure   Level
 Static Discharge         Conj/Air       ###.....     4%          3
 Lightning Bolt           Conj/Air       ###.......   43%         5


Dungeon Overview and Level Annotations

Branches:
Dungeon (6/15)
 Temple: D:4-7

Altars:

Shops:
D:4 [[


Innate Abilities, Weirdness & Mutations

You have a beak for a mouth.
You have claws for feet.
You can fly continuously.


Message History

The centaur shoots an arrow.
The arrow barely misses you.
You hear a croak.
The centaur shoots an arrow.
The arrow hits you. The ice beast closely misses you.
The centaur shoots an arrow.
The arrow hits you.
You see here 2 arrows.
You take 3 damage, and have 24/37 hp.
The ice beast misses you.
The centaur shoots an arrow.
The arrow hits you!
* * * LOW HITPOINT WARNING * * *
You see here an arrow.
You take 16 damage, and have 9/37 hp.
MASSIVE DAMAGE!!
The bullfrog hits you!
* * * LOW HITPOINT WARNING * * *
The centaur shoots an arrow.
The arrow closely misses you.
You see here an arrow.
You take 8 damage, and have 1/37 hp.
MASSIVE DAMAGE!!
Okay, then.
The bullfrog hits you.
You die...

...##...#..c##
.$...........#
........((..##
...........##
#.........##
#......(..# ###
........I.###.##
...#....F##....# ..
#.....@#....#
.........#..#..#
........#...#..#
...##..........#####
.#.
##.#..##....##.##### #
...#...........##..##
.#...#...............#
..................<##
...........#......#


You could see an ice beast and a bullfrog.

Vanquished Creatures
  A bullfrog (D:5)
  6 hounds
  An orc wizard (D:5)
  Jessica (D:2)
  A worker ant zombie (D:6)
  2 gnolls (D:5)
  3 adders
  A white imp (D:6)
  2 ufetubi (D:5)
  An adder skeleton (D:4)
  A worm (D:2)
  4 dart slugs
  8 leopard geckos
  10 orcs
  2 giant cockroaches (D:1)
  9 goblins
  8 hobgoblins
  5 jackals
  A quokka (D:5)
  9 bats
  5 frilled lizards
  A giant cockroach zombie (D:4)
  9 kobolds
  A leopard gecko skeleton (D:4)
  11 rats
103 creatures vanquished.

Notes
Turn   | Place    | Note
-------+----------+-------------------------------------------
     0 | D:1      | jasper the Tengu Air Elementalist began the quest for the
                  | Orb.
     0 | D:1      | Reached XP level 1. HP: 10/10 MP: 4/4
   200 | D:1      | Reached XP level 2. HP: 15/15 MP: 3/6
   414 | D:1      | Reached skill level 5 in Air Magic
   445 | D:1      | Learned a level 2 spell: Swiftness
   775 | D:1      | Reached XP level 3. HP: 19/19 MP: 5/7
  1765 | D:2      | Reached skill level 6 in Air Magic
  2141 | D:2      | Reached XP level 4. HP: 24/24 MP: 8/8
  2147 | D:2      | Learned a level 4 spell: Airstrike
  2782 | D:2      | Noticed Jessica
  2861 | D:2      | Killed Jessica
  2861 | D:2      | Reached skill level 7 in Air Magic
  2861 | D:2      | Gained mutation: You can fly continuously. [Tengu growth]
  2861 | D:2      | Reached XP level 5. HP: 17/28 MP: 3/9
  4282 | D:4      | Reached skill level 8 in Air Magic
  4624 | D:4      | Found Ocluh's Armour Boutique.
  4724 | D:4      | Found Ischoeblyops's Armour Boutique.
  4854 | D:5      | Entered Level 5 of the Dungeon
  4879 | D:5      | Reached XP level 6. HP: 20/32 MP: 4/10
  5015 | D:5      | Reached skill level 9 in Air Magic
  5532 | D:5      | Reached skill level 10 in Air Magic
  5532 | D:5      | Reached XP level 7. HP: 32/36 MP: 3/11
  6034 | D:6      | HP: 1/37 [bullfrog (8)]
  6036 | D:6      | Slain by a bullfrog

Illustrated notes

Levels and vault maps discovered:
D:1:      lightli_arrival_statue_moat, layout_basic, serial_glass,
          glass_columns_a, glass_columns_c
D:2:      layout_basic, st_stairs_7, uniq_jessica
D:3:      layout_loops_ring
D:4:      layout_cave_pods, serial_shops, shop, nicolae_shop_crystal
D:5:      layout_cave_pools, kennysheep_little_box, serial_gnoll_camp,
          gnoll_camp_mini_basic, gnoll_camp_mini_hut, gnoll_camp_huts_basic,
          gnoll_camp_mini_shop, gnoll_camp_mini_doghouse,
          gammafunk_ghost_cemetery
D:6:      cheibrodos_fzero, layout_cave_pools, uniq_edmund

Skill      XL: |  1  2  3  4  5  6 |
---------------+-------------------+-----
Air Magic      | 5 6 7 8 10 | 10.0
Fighting       | |  0.5
Dodging        | |  2.4
Stealth        | |  2.0
Spellcasting   | |  2.1
Conjurations   | |  1.8

Action                   |  1- 3 |  4- 6 |  7- 9 || total
-------------------------+-------+-------+-------++-------
Melee: Dagger            |    17 |    12 |       ||    29
       Peck              |     2 |     7 |       ||     9
       Kick              |     3 |     3 |       ||     6
       War axe           |       |    34 |       ||    34
Throw: Dart              |     4 |    14 |       ||    18
       Stone             |       |     3 |       ||     3
 Cast: Shock             |    70 |   122 |    17 ||   209
       Airstrike         |       |       |     5 ||     5
 Stab: Sleeping          |     2 |       |       ||     2
Armor: Robe              |     5 |    28 |       ||    33
Dodge: Dodged            |    14 |    95 |     4 ||   113

Table legend: (Time is in decaauts)
 A = Elapsed time spent in this place.
 B = Non-inter-level travel time spent in this place.
 C = Inter-level travel time spent in this place.
 D = Time resting spent in this place.
 E = Time spent auto-exploring this place.
 F = Levels seen in this place.
 G = Mean time per level.
                   A        B        C        D        E       F      G
               +--------+--------+--------+--------+--------+-----+--------+
         Total |   6054 |   5785 |    269 |   1410 |   3495 |   6 | 1009.0 |
       Dungeon |   6054 |   5785 |    269 |   1410 |   3495 |   6 | 1009.0 |
               +--------+--------+--------+--------+--------+-----+--------+

Top non-repeatable levels by time:
     D:1: 1746 daAuts
     D:2: 1706 daAuts
     D:5: 1090 daAuts
     D:4: 988 daAuts
     D:3: 422 daAuts
     D:6: 100 daAuts
